 Dungeon Crawl Stone Soup version 0.28-a0-1415-g7c84da036a (webtiles) character file.

Game seed: 6498453545115883521

592 SensoryNuts the Slasher (level 7, -4/53 HPs)
             Began as a Demonspawn Fighter on Jan 8, 2022.
             Was an Initiate of Gozag.
             Slain by a meliai zombie (7 damage)
             ... on level 5 of the Dungeon.
             The game lasted 00:06:58 (5587 turns).

SensoryNuts the Slasher (Demonspawn Fighter)        Turns: 5587, Time: 00:06:59

Health: -4/53      AC: 16    Str: 20    XL:     7   Next: 16%
Magic:  7/7        EV:  9    Int: 10    God:    Gozag
Gold:   225        SH:  4    Dex: 12    Spells: 6/6 levels left

rFire   . . .      SeeInvis .   a - +0 long sword
rCold   . . .      Faith    .   c - +0 buckler
rNeg    . . .      Spirit   .   g - +1 plate armour
rPois   .          Reflect  .   (helmet restricted)
rElec   .          Harm     .   m - +0 cloak
rCorr   .          Rampage  .   (no gloves)
Will    .....      Clarity  +   (no boots)
Stlth   ..........              (no amulet)
HPRegen 0.17/turn               j - +4 ring of evasion
MPRegen 0.10/turn               (no ring)

@: gold aura, very slow
A: antennae 2, molten scales 1, foul stench 1, demonic magic 2, clarity, strong
1
a: Renounce Religion, Potion Petition, Call Merchant, Bribe Branch


You were on level 5 of the Dungeon.
You worshipped Gozag.
Gozag was aware of your devotion.
You visited 2 branches of the dungeon, and saw 6 of its levels.

You collected 279 gold pieces.
You paid 54 gold pieces to Gozag.

Inventory:

Hand Weapons
 a - a +0 long sword (weapon)
Armour
 c - a +0 buckler (worn)
 g - a +1 plate armour (worn)
 m - a +0 cloak (worn)
Jewellery
 h - an amulet of magic regeneration
 j - a +4 ring of evasion (left hand)
Wands
 i - a wand of iceblast (14)
Scrolls
 e - 4 scrolls of magic mapping
Potions
 d - a potion of cancellation
 f - 2 potions of brilliance
 l - a potion of attraction


   Skills:
 + Level 3.9 Fighting
 + Level 4.7 Long Blades
 + Level 4.6 Armour
 - Level 0.5 Dodging
 + Level 0.7 Stealth
 + Level 3.8 Shields


You had 6 spell levels left.
You didn't know any spells.
Your spell library contained the following spells:

 Spells                   Type           Power      Damage    Failure   Level
 Ozocubu's Armour         Ice            0%         N/A       100%        3
 Iskenderun's Battlesphe  Conj           0%         2d6       100%        5
 Iron Shot                Conj/Erth      0%         9d1       100%        6
 Ozocubu's Refrigeration  Ice            0%         4d5       100%        7
 Spellforged Servitor     Conj/Summ      0%         N/A       100%        7


Dungeon Overview and Level Annotations

Branches:
Dungeon (5/15)             Temple (1/1) D:4

Altars:
Cheibriados
Dithmenos
Elyvilon
Fedhas
Gozag
Hepliaklqana
Kikubaaqudgha
Makhleb
Nemelex Xobeh
Okawaru
Qazlal
Ru
Sif Muna
Trog
Uskayaw
Vehumet
Wu Jian
Xom
Yredelemnul
Zin
The Shining One


Innate Abilities, Weirdness & Mutations

You have a pair of antennae on your head.
You are partially covered in molten scales. (AC +2)
You may rarely emit foul miasma when damaged in melee.
Spells you cast may paralyse nearby enemies.
You possess an exceptional clarity of mind.
Your muscles are strong. (Str +2)


Message History

* * * LOW HITPOINT WARNING * * *
Unknown command.
Unknown command.
The shadow imp sputters.
The meliai zombie hits you.
* * * LOW HITPOINT WARNING * * *
The meliai zombie closely misses you.
Okay, then.
Okay, then.
As you read the scroll of fog, it crumbles to dust.
The scroll dissolves into smoke.
The meliai zombie hits you but does no damage.
The meliai zombie barely misses you.
The shadow imp hits you but does no damage.
The meliai zombie hits you but does no damage.
You block the meliai zombie's attack.
You enter the shallow water.
Moving in this stuff is going to be slow.
You block the meliai zombie's attack.
The meliai zombie hits you but does no damage.
The shadow imp barely misses you.
The meliai zombie hits you but does no damage.
You block the meliai zombie's attack.
Unknown command.
You slash the shadow imp!
You kill the shadow imp!
Your unstable footing causes you to fumble your attack.
The meliai zombie hits you but does no damage. x2
You block the meliai zombie's attack.
The meliai zombie completely misses you.
You barely miss the meliai zombie.
The meliai zombie is heavily damaged.
The meliai zombie hits you but does no damage.
You block the meliai zombie's attack. The meliai zombie hits you.
* * * LOW HITPOINT WARNING * * *
The meliai zombie hits you.
* * * LOW HITPOINT WARNING * * *
The meliai zombie hits you!
You die...
Your body crumbles into a pile of gold.

#............##
..............#
..............##
≈≈.............# ...
PPPP.§§§§§§....#....#
PPPPP§§§§§.§........#
≈≈♣≈P.§§§§§§###.....#
PP≈≈≈♣PPPZ§§.###....#
..P.≈≈♣§@PP≈P......#
...PPPP♣§§≈P.P...##
####..P♣§§≈≈P≈.###
###.P.PP♣♣♣≈≈≈##
##...PPP♣≈≈≈≈P≈#
.#.#..PP≈♣≈♣≈P≈P#
.≈≈≈≈P≈♣♣≈≈PPP.##
PP≈≈≈♣≈≈≈≈≈P≈P..##
≈≈≈♣P≈PPPP...#...#


You could see a meliai zombie.

Vanquished Creatures
  An ice beast (D:3)
  An ogre (D:4)
  A scorpion (D:5)
  A water moccasin zombie (D:5)
  A bullfrog skeleton (D:4)
  An orc wizard (D:4)
  Natasha (thrice) (D:3)
  A hound skeleton (D:4)
  Robin (D:3)
  3 adders
  A shadow imp (D:5)
  A worm (D:2)
  9 dart slugs (D:3)
  6 orcs
  9 endoplasms
  2 giant cockroaches (D:1)
  12 goblins
  12 hobgoblins
  4 jackals (D:2)
  6 quokkas
  4 ball pythons
  3 bats
  A frilled lizard (D:2)
  2 kobolds (D:1)
  2 rats
88 creatures vanquished.

Notes
Turn   | Place    | Note
-------+----------+-------------------------------------------
     0 | D:1      | SensoryNuts the Demonspawn Fighter began the quest for the
                  | Orb.
     0 | D:1      | Reached XP level 1. HP: 18/18 MP: 1/1
   413 | D:1      | Gained mutation: You have a pair of small antennae on your
                  | head. [demonic ancestry]
   413 | D:1      | Reached XP level 2. HP: 24/24 MP: 2/2
  1132 | D:2      | Gained mutation: You may rarely emit foul miasma when
                  | damaged in melee. [demonic ancestry]
  1132 | D:2      | Reached XP level 3. HP: 16/29 MP: 3/3
  2188 | D:2      | Found a faded altar of an unknown god.
  2190 | D:2      | Gained mutation: You are frail. (-10% HP) [potion of
                  | mutation]
  2190 | D:2      | Gained mutation: You possess an exceptional clarity of
                  | mind. [potion of mutation]
  2190 | D:2      | Gained mutation: You expend magic power (3 MP) to
                  | strengthen your wands. [potion of mutation]
  2191 | D:2      | Lost mutation: You expend magic power (3 MP) to strengthen
                  | your wands. [potion of mutation]
  2191 | D:2      | Lost mutation: You are frail. (-10% HP) [potion of
                  | mutation]
  2191 | D:2      | Gained mutation: Your muscles are strong. (Str +2) [potion
                  | of mutation]
  2191 | D:2      | Gained mutation: You have a pair of antennae on your head.
                  | [potion of mutation]
  2283 | D:3      | Noticed an ice beast
  2292 | D:3      | Killed an ice beast
  2293 | D:3      | Gained mutation: You are partially covered in molten
                  | scales. (AC +2) [demonic ancestry]
  2293 | D:3      | Reached XP level 4. HP: 23/35 MP: 4/4
  2293 | D:3      | Gained mutation: Spells you cast may paralyse adjacent
                  | enemies. [demonic ancestry]
  2293 | D:3      | Reached XP level 5. HP: 26/41 MP: 5/5
  2762 | D:3      | Noticed Robin
  2793 | D:3      | Killed Robin
  2930 | D:3      | Noticed Natasha
  2944 | D:3      | Killed Natasha
  3126 | D:3      | Noticed Natasha
  3135 | D:3      | Killed Natasha
  3272 | D:3      | Gained mutation: Spells you cast may paralyse nearby
                  | enemies. [demonic ancestry]
  3272 | D:3      | Reached XP level 6. HP: 41/47 MP: 6/6
  3842 | D:3      | Noticed Natasha
  3858 | D:3      | Killed Natasha
  4136 | D:4      | Found a staircase to the Ecumenical Temple.
  4166 | Temple   | Entered the Ecumenical Temple
  4715 | Temple   | Became a worshipper of Gozag Ym Sagoz the Greedy
  5474 | D:5      | Entered Level 5 of the Dungeon
  5490 | D:5      | Mutation became permanent: You have a pair of small
                  | antennae on your head. [demonic ancestry]
  5490 | D:5      | Gained mutation: You have a pair of antennae on your head.
                  | [demonic ancestry]
  5490 | D:5      | Reached XP level 7. HP: 51/53 MP: 7/7
  5587 | D:5      | Slain by a meliai zombie

Illustrated notes

Levels and vault maps discovered:
D:1:      tarquinn_simple_flora_water_f, layout_basic, hangedman_decor_opposing,
          grunt_decor_arrowhead
D:2:      layout_basic, shapermc_ecumenical_altar_hornbeckon
D:3:      kennysheep_slugbush, layout_basic, uniq_natasha, uniq_robin
D:4:      layout_loops_ring, minmay_temple_entry_crystal_x, kennysheep_donut
D:5:      layout_cave_pools, minmay_misc_feat_plants, nrook_mini_vaults,
          serial_bayou_lagoon_a
Temple:   mainiacjoe_temple_trianglar_array

Skill      XL: |  1  2  3  4  5  6 |
---------------+-------------------+-----
Long Blades    | 2 3 4 |  4.7
Armour         | 3 4 |  4.6
Shields        | 3 |  3.8
Fighting       | |  3.9
Dodging        | |  0.5
Stealth        | |  0.7

Action                   |  1- 3 |  4- 6 |  7- 9 || total
-------------------------+-------+-------+-------++-------
Melee: Long sword        |   103 |   191 |    23 ||   317
  Use: Scroll            |     3 |     4 |     1 ||     8
       Potion            |     4 |     3 |       ||     7
 Stab: Distracted        |       |     1 |       ||     1
Armor: Scale mail        |    37 |       |       ||    37
       Plate armour      |     4 |   159 |    35 ||   198
Dodge: Dodged            |    48 |    45 |    20 ||   113
Block: Buckler           |    31 |    40 |    18 ||    89

Table legend: (Time is in decaauts)
 A = Elapsed time spent in this place.
 B = Non-inter-level travel time spent in this place.
 C = Inter-level travel time spent in this place.
 D = Time resting spent in this place.
 E = Time spent auto-exploring this place.
 F = Levels seen in this place.
 G = Mean time per level.
                   A        B        C        D        E       F      G
               +--------+--------+--------+--------+--------+-----+--------+
         Total |   5767 |   5424 |    343 |    224 |   4350 |   6 |  961.2 |
       Dungeon |   5194 |   4923 |    271 |    224 |   3852 |   5 | 1038.8 |
        Temple |    572 |    500 |     72 |      0 |    498 |   1 |  572.0 |
               +--------+--------+--------+--------+--------+-----+--------+

Top non-repeatable levels by time:
     D:3: 1855 daAuts
     D:2: 1233 daAuts
     D:1: 1046 daAuts
     D:4: 934 daAuts
  Temple: 572 daAuts
     D:5: 124 daAuts
